 Dungeon Crawl Stone Soup version 0.18-a0-1542-g9c1a92e (webtiles) character file.

60 Ijustatesigmund the Insei (level 4, -6/29 HPs)
             Began as an Octopode Transmuter on Mar 10, 2016.
             Killed from afar by Liam's ghost (9 damage)
             ... with a magic dart
             ... on level 3 of the Dungeon.
             The game lasted 00:04:12 (1905 turns).

Ijustatesigmund the Insei (Octopode Transmuter)     Turns: 1905, Time: 00:04:12

Health: -6/29      AC:  1    Str:  9    XL:     4   Next: 6%
Magic:  7/7        EV: 12    Int: 16    God:
Gold:   161        SH:  0    Dex: 12    Spells: 3 memorised, 1 level left

rFire  . . .     SeeInvis .       - Unarmed
rCold  . . .     Gourm    .     (no shield)
rNeg   . . .     Faith    .     (helmet restricted)
rPois  .         Spirit   .     (no amulet)
rElec  .         Dismiss  .     (no ring)
rCorr  .         Reflect  .     (no ring)
SustAt .         Harm     .     (no ring)
MR     .....                    (no ring)
Stlth  ++........               (no ring)
                                (no ring)
                                (no ring)
                                (no ring)

@: not resistant to hostile enchantments, unstealthy
A: almost no armour, amphibious, 8 rings, constrict 8, camouflage 1, gelatinous
body 1
a: no special abilities


You were on level 3 of the Dungeon.
You were not hungry.

You visited 1 branch of the dungeon, and saw 3 of its levels.

You collected 161 gold pieces.

Inventory:

Missiles
 a - 64 arrows
 g - 3 javelins (quivered)
Scrolls
 d - a scroll of teleportation
 f - a scroll of fear
Potions
 e - 2 potions of agility
 i - a potion of curing
 j - a potion of cure mutation
 k - a potion of might {unknown}
 n - a potion of mutation {unknown}
Books
 b - a book of Changes

   Spells                             Type                      Level
   a - Beastly Appendage              Transmutation                1
   b - Sticks to Snakes               Transmutation                2
   c - Spider Form                    Transmutation/Poison         3
   d - Ice Form                       Ice/Transmutation            4
   e - Blade Hands                    Transmutation                5
Comestibles
 c - a bread ration


   Skills:
 + Level 2.1 Fighting
 - Level 2.0 Dodging
 + Level 4.0 Unarmed Combat
 - Level 2.0 Spellcasting
 - Level 2.0 Transmutations
 + Level 1.3 Poison Magic


You had one spell level left.
You knew the following spells:

 Your Spells              Type           Power        Failure   Level  Hunger
a - Beastly Appendage     Trmt           #.....       10%         1    #......
b - Sticks to Snakes      Trmt           #.......     14%         2    ###....
c - Spider Form           Trmt/Pois      #.........   34%         3    ###....


Dungeon Overview and Level Annotations

Branches:
Dungeon (3/15)

Altars:
Makhleb

Annotations:
D:3 Liam's ghost, amateur DECj


Innate Abilities, Weirdness & Mutations

You cannot wear most types of armour.
You are amphibious.
You can wear up to eight rings at the same time.
You can use your tentacles to constrict eight enemies at once.
Your skin changes colour to match your surroundings (Stealth).
Your rubbery body absorbs attacks (AC +1).


Message History

Your transformation has ended.
Found a hunting sling.
You start resting.
Magic restored.
A giant cockroach comes into view.
Liam's ghost turns its malevolent gaze towards you.
The giant cockroach closely misses you.
You see here a hunting sling.
You tentacle-slap the giant cockroach but do no damage.
Your grab misses the giant cockroach. The giant cockroach closely misses you.
Liam's ghost screams, "There is no future for me!"
Liam's ghost gestures at you while chanting.
The orb of energy hits the giant cockroach.
The giant cockroach dies!
The orb of energy explodes!
The mystic blast hits you!
Ouch! That really hurt!
* * * LOW HITPOINT WARNING * * *
Liam's ghost casts a spell at you. The magic dart hits you!
You die...

#.# # #W#
#.#.# #
.####.#.###..#
.............#
#)# #.# #....#
#.# #....# #@#
#....# #.#
#....## #.#
#.....# #.#
#...#.# #.#
#...#.# #(#..
#.....##
#.#.#.#
#.##([.#
#.#.#.###
#.##..)#
#.#.#.#..


You could see Liam's ghost.

Vanquished Creatures
  An adder (D:2)
  An ooze (D:3)
  A worm (D:2)
  3 dart slugs
  2 giant cockroaches (D:2)
  5 goblins
  6 hobgoblins
  2 jackals (D:1)
  6 bats
  A giant newt (D:1)
  6 kobolds
  4 rats
38 creatures vanquished.

Vanquished Creatures (others)
  A giant cockroach (D:3)
1 creature vanquished.

Grand Total: 39 creatures vanquished

Notes
Turn   | Place    | Note
--------------------------------------------------------------
     0 | D:1      | Ijustatesigmund the Octopode Transmuter began the quest for the Orb.
     0 | D:1      | Reached XP level 1. HP: 13/13 MP: 3/3
   285 | D:1      | Reached XP level 2. HP: 18/18 MP: 5/5
   368 | D:1      | Learned a level 2 spell: Sticks to Snakes
   519 | D:1      | Reached XP level 3. HP: 16/24 MP: 6/6
   524 | D:1      | Learned a level 3 spell: Spider Form
  1154 | D:2      | Reached skill level 4 in Unarmed Combat
  1154 | D:2      | Reached skill level 1 in Poison Magic
  1485 | D:2      | Found a burning altar of Makhleb.
  1485 | D:2      | Noticed a balrug
  1488 | D:2      | Noticed a ynoxinul
  1488 | D:2      | Noticed a ynoxinul
  1553 | D:3      | Reached XP level 4. HP: 20/29 MP: 7/7
  1838 | D:3      | Noticed Liam's ghost (amateur DECj)
  1905 | D:3      | Killed from afar by Liam's ghost

Vault maps used:
D:1:      lightli_arrival_chessboard
D:2:      makhleb_altar_promises_db
D:3:      nicolae_gozag_cash_rules_everything_around_me, first_bread

Skill      XL: |  1  2  3 |
---------------+----------+-----
Fighting       | 2 |  2.1
Unarmed Combat | 4 |  4.0
Poison Magic   | 1 |  1.3
Dodging        | |  2.0
Spellcasting   | |  2.0
Transmutations | |  2.0

Action                   |  1- 3 |  4- 6 || total
-------------------------+-------+-------++-------
Melee: Unarmed           |    73 |     3 ||    76
 Cast: Beastly Appendage |     5 |       ||     5
       Sticks to Snakes  |     1 |       ||     1
       Spider Form       |       |     1 ||     1
  Use: Scroll            |     7 |     1 ||     8
       Potion            |     1 |       ||     1
 Stab: Sleeping          |     3 |       ||     3
  Eat: Chunk             |     2 |       ||     2
       Bread ration      |       |     1 ||     1
